 Dungeon Crawl Stone Soup version 0.30-a0-394-g3e4acdb0ae (webtiles) character file.

Game seed: 899364382513939425

67 cheesebisquit the Trooper (level 4, -4/41 HPs)
             Began as a Minotaur Berserker on Dec 5, 2022.
             Was a Believer of Trog.
             Slain by Grinder (7 damage)
             ... on level 3 of the Dungeon on Dec 6, 2022.
             The game lasted 00:08:43 (1523 turns).

cheesebisquit the Trooper (Minotaur Berserker)      Turns: 1523, Time: 00:08:43

Health: -4/41      AC: 10    Str: 24    XL:     4   Next: 0%
Magic:  3/3        EV:  8    Int:  4    God:    Trog [**....]
Gold:   127        SH:  0    Dex:  9    Spells: 3/3 levels left

rFire   . . .      SeeInvis .    a - +0 hand axe
rCold   . . .      Faith    .    (no shield)
rNeg    . . .      Spirit   .    q - +0 chain mail
rPois   .          Reflect  .    (helmet restricted)
rElec   .          Harm     .    (no cloak)
rCorr   .          Rampage  .    (no gloves)
Will    ++...                    i - +0 pair of boots
Stlth   ..........               (no amulet)
HPRegen 1.26/turn                (no ring)
MPRegen 0.08/turn                (no ring)

@: strong-willed, on berserk cooldown, regenerating
A: horns 2, retaliatory headbutt
a: Renounce Religion, Berserk, Trog's Hand


You were on level 3 of the Dungeon.
You worshipped Trog.
Trog was pleased with you.
You visited 1 branch of the dungeon, and saw 3 of its levels.

You collected 127 gold pieces.

Inventory:

Hand Weapons
 a - a +0 hand axe (weapon)
Missiles
 j - 3 poisoned darts (quivered)
Armour
 b - a +0 animal skin
 g - a +0 leather armour
 i - a +0 pair of boots (worn)
 o - the +3 leather armour of Hedonism {Rampage rPois Int+4 Dex-4}
   (You found it on level 2 of the Dungeon)

   Int:       It affects your intelligence (+4).
   Dex:       It affects your dexterity (-4).
   rPois:     It protects you from poison.
   Rampage:   It bestows one free step when moving towards enemies.
 q - a +0 chain mail (worn)
Jewellery
 k - an amulet of regeneration
 m - a ring of protection from cold
 r - a ring of see invisible
Scrolls
 c - a scroll of acquirement {unknown}
 d - a scroll of amnesia {unknown}
 e - a scroll of fog {unknown}
 f - 2 scrolls of noise {unknown}
 h - a scroll of identify {unknown}
 s - a scroll of vulnerability {unknown}
Potions
 l - a potion of brilliance {unknown}
 n - a potion of invisibility {unknown}
 p - a potion of mutation {unknown}


   Skills:
 + Level 4.4 Fighting
 + Level 4.4 Axes
 + Level 3.4 Armour
 - Level 2.6 Dodging


You had 3 spell levels left.
You didn't know any spells.
Your spell library was empty.

Dungeon Overview and Level Annotations

Branches:
Dungeon (3/15)

Altars:

Annotations:
D:3 Grinder


Innate Abilities, Weirdness & Mutations

You have a pair of horns on your head.
You reflexively headbutt those who attack you in melee.


Message History

You resist with significant effort.
Found a scroll labelled JEIMPA HIGHIDA.
You closely miss Grinder. Your headbutt misses Grinder.
Grinder gestures at you. Pain shoots through your body!
You closely miss Grinder. Grinder hits you but does no damage.
Grinder gestures at you. You resist with significant effort.
You closely miss Grinder. Grinder hits you but does no damage.
Grinder barely misses you. You furiously retaliate!
You headbutt Grinder! You hit Grinder but do no damage.
Grinder is lightly wounded.
Grinder hits you.
You writhe in agony.
You hit Grinder but do no damage. Your headbutt misses Grinder.
Grinder is lightly wounded.
Grinder closely misses you. Grinder hits you but does no damage.
You hit Grinder but do no damage.
Grinder is lightly wounded.
Grinder gestures at you. Pain shoots through your body!
Grinder hits you but does no damage.
You hit Grinder.
Grinder is moderately wounded.
Grinder closely misses you.
You closely miss Grinder.
Grinder is moderately wounded.
Grinder hits you but does no damage. Grinder gestures at you.
Pain shoots through your body!
Your skin crawls.
You feel strong-willed. Grinder hits you.
You writhe in agony.
You closely miss Grinder. You headbutt Grinder.
Grinder is moderately wounded.
You feel yourself speed up. Grinder hits you!
* * * LOW HITPOINT WARNING * * *
You writhe in agony.
* * * LOW HITPOINT WARNING * * *
Grinder hits you!
You die...

##### ...#
?.. ... #.. #
#.# .#
####.###.#
#...5....###
#.#.@.:.....
#........###
####.#......#
............#
####.##....##
#.##.##.#
#.....ยง.#
####.####
##########.#


You could see Grinder.

Vanquished Creatures
  3 adders
  A worm (D:3)
  A dart slug (D:3)
  5 endoplasms
  3 giant cockroaches (D:1)
  A goblin (D:1)
  6 hobgoblins
  3 ball pythons
  2 bats
  4 frilled lizards
  2 kobolds
  6 rats
37 creatures vanquished.

Notes
Turn   | Place    | Note
-------+----------+-------------------------------------------
     0 | D:1      | cheesebisquit the Minotaur Berserker began the quest for
                  | the Orb.
     0 | D:1      | Reached XP level 1. HP: 19/19 MP: 0/0
   213 | D:1      | Reached XP level 2. HP: 22/27 MP: 1/1
  1033 | D:2      | Identified the +3 leather armour of Hedonism {Rampage rPois
                  | Int+4 Dex-4}
  1054 | D:2      | Reached ** piety under Trog
  1114 | D:2      | Reached XP level 3. HP: 32/33 MP: 2/2
  1123 | D:2      | You fall into a shaft and drop 1 floor!
  1349 | D:3      | Upgraded the game from 0.30-a0-393-g54b8e3be05 to
                  | 0.30-a0-394-g3e4acdb0ae
  1482 | D:3      | Noticed Grinder
  1490 | D:3      | Reached XP level 4. HP: 41/41 MP: 3/3
  1523 | D:3      | Slain by Grinder

Illustrated notes

Levels and vault maps discovered:
D:1:      lightli_arrival_chessboard, layout_basic, minmay_tripent
D:2:      layout_loops_cross
D:3:      layout_loops_corners, lemuel_round_altar, uniq_grinder

Skill      XL: |  1  2 |
---------------+-------+-----
Fighting       | 4 |  4.4
Axes           | 4 |  4.4
Armour         | 3 |  3.4
Dodging        | |  2.6

Action                   |  1- 3 |  4- 6 || total
-------------------------+-------+-------++-------
Melee: Hand axe          |    83 |     9 ||    92
       Headbutt          |    10 |     1 ||    11
Invok: Berserk           |       |     1 ||     1
       Trog's Hand       |       |     1 ||     1
Armor: Animal skin       |     3 |       ||     3
       Leather armour    |    14 |       ||    14
       Chain mail        |     1 |     6 ||     7
Dodge: Dodged            |    44 |     3 ||    47

Table legend: (Time is in decaauts)
 A = Elapsed time spent in this place.
 B = Non-inter-level travel time spent in this place.
 C = Inter-level travel time spent in this place.
 D = Time resting spent in this place.
 E = Time spent auto-exploring this place.
 F = Levels seen in this place.
 G = Mean time per level.
                   A        B        C        D        E       F      G
               +--------+--------+--------+--------+--------+-----+--------+
         Total |   1538 |   1511 |     27 |      0 |   1136 |   3 |  512.7 |
       Dungeon |   1538 |   1511 |     27 |      0 |   1136 |   3 |  512.7 |
               +--------+--------+--------+--------+--------+-----+--------+

Top non-repeatable levels by time:
     D:1: 1014 daAuts
     D:3: 408 daAuts
     D:2: 114 daAuts
